 Dungeon Sprint DCSS version 0.30-a0-465-g8901f6c8b5 (webtiles) character file.

Game seed: 16110506537713701588

0 NinjaNoafa the Magician (level 1, 0/15 HPs)
             Began as a Djinni Fire Elementalist on Dec 19, 2022.
             Slain by a molten gargoyle
             ... wielding a +0 mace
              (12 damage)
             ... in the Dungeon (Sprint VII: "The Pits").
             The game lasted 00:00:23 (21 turns).

NinjaNoafa the Magician (Djinni Fire Elementalist)    Turns: 21, Time: 00:00:24

Health: 0/15       AC:  2    Str:  7    XL:     1   Next: 0%
Gold:   0          EV: 12    Int: 16    God:
                   SH:  0    Dex: 13

rFire   + + .      SeeInvis .    (no weapon)
rCold   x . .      Faith    .    (no shield)
rNeg    . . .      Spirit   .    a - +0 robe
rPois   ∞          Reflect  .    (no helmet)
rElec   .          Harm     .    (no cloak)
rCorr   .          Rampage  .    (no gloves)
Will    .....      NoTele   +    (boots unavailable)
Stlth   ++........               (no amulet)
HPRegen 0.22/turn                (no ring)
MPRegen 0.00/turn                (no ring)

@: flying
A: sickness immunity, fire resistance 2, cold vulnerability 1, float, innate
caster, HP casting, extra vitality 1
a: no special abilities


You were in the Dungeon.
You visited 1 branch

Inventory:

Armour
 a - a +0 robe (worn)
Scrolls
 f - a scroll of blinking
Potions
 b - a potion of curing
 c - a potion of heal wounds
 d - a potion of haste
 e - a potion of berserk rage


   Skills:
 + Level 0.0 Fighting
 - Level 2.1 Dodging
 - Level 1.5 Stealth
 + Level 2.4 Spellcasting


You couldn't memorise any spells.
You knew the following spells:

 Your Spells              Type           Power      Damage    Failure   Level
a - Foxfire               Conj/Fire      36%        2x1d5     8%          1
b - Scorch                Fire           18%        2d5       11%         2
c - Kindle Blastsparks    Fire/Tloc/Air  18%        2d11      22%         3
d - Inner Flame           Hex/Fire       9%         N/A       22%         3
e - Flame Wave            Conj/Fire      9%         2d6       58%         4
Your spell library was empty.

Dungeon Overview and Level Annotations

Branches:
Dungeon (1/1)

Altars:

Annotations:
D Sonja


Innate Abilities, Weirdness & Mutations

You are immune to sickness and miasma.
You are immune to poison.
Your flesh is very heat resistant. (rF++)
You are vulnerable to cold. (rC-)
You float through the air rather than walking.
You learn spells naturally, not from books.
Your magical power is your life essence.
You have superior vitality. (+4 MHP)


Message History

A molten gargoyle and Sonja come into view.
Sonja is wielding a +0 dagger of distortion and quivering curare-tipped darts.
Sonja shouts!
Cast which spell? (? or * to list)
You conjure some foxfire!
Sonja throws a curare-tipped dart.
The curare-tipped dart hits you.
The molten gargoyle blasts magma at you!
The bolt of magma misses your foxfire. The bolt of magma misses you.
The foxfire hits the molten gargoyle.
The molten gargoyle completely resists.
Sonja mumbles some strange words.
Sonja blinks!
The foxfire hits the molten gargoyle but does no damage.
Casting: Foxfire (safe; 8% risk of failure)
Confirm with . or Enter, or press ? or * to list all spells.
You conjure some foxfire!
Your foxfire dissipates!
The foxfire hits the molten gargoyle.
The molten gargoyle completely resists.
Sonja mumbles some strange words.
Sonja blinks!
Casting: Foxfire (safe; 8% risk of failure)
Confirm with . or Enter, or press ? or * to list all spells.
You conjure some foxfire!
The foxfire hits the molten gargoyle but does no damage.
Your foxfire dissipates!
Casting: Foxfire (safe; 8% risk of failure)
Confirm with . or Enter, or press ? or * to list all spells.
You conjure some foxfire!
Your foxfire dissipates!
The foxfire hits the molten gargoyle but does no damage.
Sonja casts a spell.
Sonja blinks!
Sonja throws a curare-tipped dart.
The curare-tipped dart closely misses you.
Sonja throws a curare-tipped dart.
The curare-tipped dart hits you.
Casting: Foxfire (safe; 8% risk of failure)
Confirm with . or Enter, or press ? or * to list all spells.
You conjure some foxfire!
The molten gargoyle hits you with a +0 mace!
Ouch! That really hurt!
You die...

##########++######
#................#
#......#..#......#
#................+
+.....K..........+
#...v.v#..#......#
#....@9..........#
####'#####''######
#.......##''#
#.......##....
#.......##.....
#...<...##.....#
#.......##...###
#.......##..##
#.......#


You could see a molten gargoyle (ally target) and Sonja.

Vanquished Creatures (others)
  4 foxfires (D)
4 creatures vanquished.

Notes
Turn   | Place    | Note
-------+----------+-------------------------------------------
     0 | D        | NinjaNoafa the Djinni Fire Elementalist began the quest for
                  | the Orb.
     0 | D        | NinjaNoafa set off with the following spells memorised:
                  | Foxfire, Scorch, Kindle Blastsparks, Inner Flame, Flame
                  | Wave.
     0 | D        | Reached XP level 1. HP: 15/15 MP: 0/0
    11 | D        | Noticed a molten gargoyle
    11 | D        | Noticed Sonja
    21 | D        | Slain by a molten gargoyle

Illustrated notes

Levels and vault maps discovered:
D:        pitsprint [storerooms_1, entrance_room_1, metal_vault_4, armoury_2,
          mini_pit_1, grid_room_1, main_hall_1, silver_pit, the_coven_1,
          the_vestibule_1, steel_vault_5, golden_pit, hallway_of_sentries,
          crystal_vault_1, iron_vault_5, final_vault]

Action                   || total
-------------------------++-------
 Cast: Foxfire           ||     5
Dodge: Dodged            ||     2

Table legend: (Time is in decaauts)
 A = Elapsed time spent in this place.
 B = Non-inter-level travel time spent in this place.
 C = Inter-level travel time spent in this place.
 D = Time resting spent in this place.
 E = Time spent auto-exploring this place.
 F = Levels seen in this place.
 G = Mean time per level.
                   A        B        C        D        E       F      G
               +--------+--------+--------+--------+--------+-----+--------+
         Total |     21 |     21 |      0 |      0 |     10 |   1 |   21.0 |
       Dungeon |     21 |     21 |      0 |      0 |     10 |   1 |   21.0 |
               +--------+--------+--------+--------+--------+-----+--------+

Top non-repeatable levels by time:
       D: 21 daAuts
